Workbook

Sheet PPT -General
A1: COSTOS DETERMINADOS - SERVICIO DE GESTIÓN SOCIAL
A2: DESCRIPCIÓN | C2: CARGO | D2: Fecha de ingreso | E2: Fecha de egreso | F2: Cantidad | G2: Duración (meses) | H2: Sueldo Básico / PU (Soles) | I2: Costo Empresa / Total (soles / mes) | J2: IMPORTE TOTAL SOLES
A5: GASTOS DE GESTIÓN DEL CONTRATISTA | I5: 0.4711 | J5: =+J6+J23+J25+J37+J43+J56+J76+J83+J97 -> 3404041.2
A6: 01 PROFESIONALES Y MANO DE OBRA INDIRECTA | F6: =SUM(F8:F22) -> 12 | H6: Costo Empresa: | J6: =J7 -> 1165111.2
A7: 01.06 SOCIAL | F7: =SUM(F8:F22) -> 12 | J7: =SUM(J8:J21) -> 1165111.2
A8: Cañete | C8: Coordinador | F8: 1 | G8: 12 | H8: =+'Planilla-Cañete'!D8 -> 7500 | I8: =+H8*(1+$I$5) -> 11033.25 | J8: =+G8*I8 -> 132399
C9: Relacionista Comunitario 1 | F9: 1 | G9: 12 | H9: =+'Planilla-Cañete'!D9 -> 5500 | I9: =+H9*(1+$I$5) -> 8091.05 | J9: =+G9*I9 -> 97092.6
C10: Relacionista Comunitario 2 | F10: 1 | G10: 12 | H10: =+'Planilla-Cañete'!D11 -> 5500 | I10: =+H10*(1+$I$5) -> 8091.05 | J10: =+G10*I10 -> 97092.6
C11: Relacionista Comunitario 3 | F11: 1 | G11: 12 | H11: =+'Planilla-Cañete'!D11 -> 5500 | I11: =+H11*(1+$I$5) -> 8091.05 | J11: =+G11*I11 -> 97092.6
C12: Relacionista Comunitario 4 | F12: 1 | G12: 12 | H12: =+'Planilla-Cañete'!D12 -> 5500 | I12: =+H12*(1+$I$5) -> 8091.05 | J12: =+G12*I12 -> 97092.6
C13: Asistente de Relaciones Comunitarias | F13: 1 | G13: 12 | H13: =+'Planilla-Cañete'!D13 -> 3500 | I13: =+H13*(1+$I$5) -> 5148.85 | J13: =+G13*I13 -> 61786.2
A15: Huaura
C16: Coordinador | F16: 1 | G16: 12 | H16: =+'Planilla-Huaura'!D8 -> 7500 | I16: =+H16*(1+$I$5) -> 11033.25 | J16: =+G16*I16 -> 132399
C17: Relacionista Comunitario 1 | F17: 1 | G17: 12 | H17: =+'Planilla-Huaura'!D9 -> 5500 | I17: =+H17*(1+$I$5) -> 8091.05 | J17: =+G17*I17 -> 97092.6
C18: Relacionista Comunitario 2 | F18: 1 | G18: 12 | H18: =+'Planilla-Huaura'!D10 -> 5500 | I18: =+H18*(1+$I$5) -> 8091.05 | J18: =+G18*I18 -> 97092.6
C19: Relacionista Comunitario 3 | F19: 1 | G19: 12 | H19: =+'Planilla-Huaura'!D11 -> 5500 | I19: =+H19*(1+$I$5) -> 8091.05 | J19: =+G19*I19 -> 97092.6
C20: Relacionista Comunitario 4 | F20: 1 | G20: 12 | H20: =+'Planilla-Huaura'!D12 -> 5500 | I20: =+H20*(1+$I$5) -> 8091.05 | J20: =+G20*I20 -> 97092.6
C21: Asistente de Relaciones Comunitarias | F21: 1 | G21: 12 | H21: =+'Planilla-Huaura'!D13 -> 3500 | I21: =+H21*(1+$I$5) -> 5148.85 | J21: =+G21*I21 -> 61786.2
A23: 02 TRASLADO DE PERSONAL | F23: Cantidad | I23: PU | J23: =SUM(J24:J24) -> 39600
A24: Pasajes terrestres (personal indirecto) | F24: =132*2 -> 264 | I24: 150 | J24: =+F24*I24 -> 39600
A25: 03 IMPLEMENTOS DE SEGURIDAD y SALUD OCUPACIONAL (INCL. GASTOS COVID) | J25: =J26+J28+J32 -> 42510
A26: 03.01 EQUIPOS DE PROTECCIÓN PERSONAL | J26: =SUM(J27:J27) -> 17060
A27: Equipos de protección personal indirecto | F27: 18 | G27: 12 | I27: 78.98 | J27: 17060
A28: 03.02 AREA MEDICA | J28: =SUM(J29:J31) -> 9000
A29: EMO ( Ingreso ) | F29: 9 | G29: 1 | I29: 500 | J29: =+F29*I29 -> 4500
A30: EMO ( Periodico )
A31: EMO ( Salida ) | F31: 9 | G31: 1 | I31: 500 | J31: =+F31*I31 -> 4500
A32: 03.03 COSTOS COVID | J32: =SUM(J33:J36) -> 16450
A33: Mascarillas KN95 (caja x 20 unidades) | J33: 9600
A34: Mascarillas quirurgicas (caja por 50 unidades) | J34: 6000
A35: Alcohol en gel (2 litros) | J35: =480+270 -> 750
A36: Dispensadores personales para alcohol en gel | J36: 100
A37: 04 ALIMENTACIÓN Y HOSPEDAJE | J37: =SUM(J38:J42) -> 289720
A38: Alimentación Cañete | F38: 10 | G38: =12*20 -> 240 | I38: 40 | J38: =+F38*G38*I38 -> 96000
A39: Alimentación Huaura | F39: 10 | G39: =12*20 -> 240 | I39: 40 | J39: =+F39*G39*I39 -> 96000
A40: Alquiler de vivienda cañete | F40: 1 | G40: 12 | I40: 3000 | J40: =+G40*I40 -> 36000
A41: Alquiler de vivienda Huarua | F41: 1 | G41: 12 | I41: 3000 | J41: =+G41*I41 -> 36000
A42: Implementación vivienda Cañete/Huarua (Equipamiento) | F42: 1 | J42: 25720
A43: 05 OFICINAS Y CONSUMIBLE DE OFICINA | J43: =J44+J53 -> 128600
A44: 05.01 OFICINAS DE ATENCIÓN AL PÚBLICO | J44: =SUM(J45:J52) -> 128600
A45: Alquiler de oficina Huaura | F45: 1 | G45: 12 | I45: 2500 | J45: =+G45*I45 -> 30000
A46: Alquiler de oficina San Viciente de Cañete | F46: 1 | G46: 12 | I46: 3000 | J46: =+G46*I46 -> 36000
A47: Servicios Oficina | F47: 1 | G47: 12 | I47: =+J47/G47 -> 300 | J47: 3600
A48: Mantenimiento local cañete | F48: 1 | G48: 12 | I48: 800 | J48: =+G48*I48 -> 9600
A49: Mantenimiento local Huarua | F49: 1 | G49: 12 | I49: 800 | J49: =+G49*I49 -> 9600
A50: Implementación Oficina/Internet | F50: 1 | G50: 12 | I50: =+J50/G50 -> 2013.3333 | J50: 24160
A51: Utiles de limpieza | F51: 1 | G51: 12 | I51: =+J51/G51 -> 953.33333 | J51: =11440 -> 11440
A52: Utiles de Oficina | F52: 1 | G52: 12 | I52: =+J52/G52 -> 350 | J52: 4200
A56: 06 EQUIPAMIENTO, INFORMÁTICA Y COMUNICACIONES | J56: =J57+J67+J73 -> 124040
A57: 06.01 EQUIPOS INFORMÁTICOS | J57: =SUM(J58:J66) -> 100260
A58: Impresoras | F58: 2 | I58: 2000 | J58: =+F58*I58 -> 4000
A59: Tintas para impresoras | F59: 6 | I59: 680 | J59: =+F59*I59 -> 4080
A60: Proyector | F60: 2 | I60: 6850 | J60: =+F60*I60 -> 13700
A61: PCs | F61: 2 | I61: 4000 | J61: =+F61*I61 -> 8000
A62: Laptop Cañete | F62: 8 | I62: 4180 | J62: =+F62*I62 -> 33440
A63: Laptop Huarua | F63: 8 | I63: 4180 | J63: =+F63*I63 -> 33440
A64: Ecran | F64: 2 | I64: 500 | J64: =+F64*I64 -> 1000
A65: Parlantes | F65: 2 | I65: 1000 | J65: =+F65*I65 -> 2000
A66: Microfonos | F66: 2 | I66: 300 | J66: =+F66*I66 -> 600
A67: 06.02 EQUIPOS DE COMUNICACIÓN | J67: =SUM(J68:J72) -> 10580
A68: Celular para Relacionistas | F68: 16 | G68: 1 | I68: 450 | J68: =+F68*I68 -> 7200
A69: Celular para conductores | F69: 6 | G69: 1 | I69: 250 | J69: =+F69*I69 -> 1500
A70: Chips | F70: 22 | G70: 1 | I70: 30 | J70: =+F70*I70 -> 660
A71: Teléfono de atención permanente | G71: 1 | I71: 500 | J71: =+G71*I71 -> 500
A72: Pago linea de atención | F72: 2 | G72: 12 | I72: 30 | J72: =+F72*G72*I72 -> 720
A73: 06.03 LICIENCIA DE SOFTWARE | J73: =SUM(J74:J75) -> 13200
A74: Licencia programa, diseño y edición de videos | F74: 2 | G74: 12 | I74: 550 | J74: =+F74*G74*I74 -> 13200
A76: 07 MAQUINARIAS, EQUIPOS Y VEHÍCULOS INDIRECTOS | J76: =J77 -> 1125000
A77: 07.01 VEHÍCULOS PARA TRASLADO DE PERSONAL | J77: =SUM(J78:J82) -> 1125000
A78: Camioneta 4x4 Cabina doble; incluye chofer, combustible -2 Vehiculos Huaura | F78: 60 | G78: 12 | I78: 475 | J78: =+F78*G78*I78 -> 342000
A79: Camioneta 4x4 Cabina doble; incluye chofer, combustible -2 Vehículos Cañete | F79: 60 | G79: 12 | I79: 475 | J79: =+F79*G79*I79 -> 342000
A80: Conductores (06) | F80: 20 | G80: 12 | I80: 300 | J80: =+F80*G80*I80*6 -> 432000
A81: Curso de manejo defensivo + curso de 4x4 | F81: 6 | I81: 700 | J81: 4200
A82: Botiquín vehículos | J82: 4800
A83: 08 PROGRAMAS DE PLAN DE BUENA VECINDAD Y RELACIONES PUBLICAS * | J83: =J84+J92 -> 199060
A84: 08.01 PROGRAMAS DE PLAN DE BUENA VECINDAD Y RELACIONES PUBLICAS | J84: =SUM(J85:J91) -> 0
A85: Programa de Manejo de Conflictos | J85: 0 | K85: Hay una duplicidad, estos conceptos ya están presupuestados dentro de los costos indirectos y gastos en general en otras partidas del presupuesto
A86: Programa de Acompañamiento a las Areas de Ingenieria y de Liberación de Predios | J86: 0
A87: Programa de Contratación temporal de personal local | J87: 0
A88: Programa de Adquisiciones de Productos Locales | J88: 0
A89: Programa de comunicación y consulta | J89: 0
A90: Programa de Atención a Quejas y Reclamos | J90: 0
J91: 0
A92: 08.02 SERVICIO DE COMUNICACIÓN | J92: =SUM(J93:J96) -> 199060
A93: Materiales de comunicación | F93: 1 | G93: 12 | I93: =+J93/G93 -> 13671.667 | J93: 164060
A94: Equipo fotográfico | F94: 2 | I94: 8000 | J94: 16000
A95: Otros | J95: 19000
A97: 09 PPC y PRC | J97: =J98+J100 -> 290400
A98: 09.01 PRC | J98: =SUM(J99) -> 0
K99: Incorporado en los costos de personal
A100: 09.02 PPC | J100: =+J101 -> 290400
J101: 290400
A102: ACUMULADO MENSUAL COSTOS DIRECTOS | J102: =+J6+J23+J25+J37+J43+J56+J76+J83+J97 -> 3404041.2
A106: RESUMEN COSTOS DIRECTOS | H106: TOTAL
A107: =A6 -> 01 PROFESIONALES Y MANO DE OBRA INDIRECTA | H107: =J6 -> 1165111.2
A108: =A23 -> 02 TRASLADO DE PERSONAL | H108: =J23 -> 39600
A109: =A25 -> 03 IMPLEMENTOS DE SEGURIDAD y SALUD OCUPACIONAL (INCL. GASTOS COVID) | H109: =J25 -> 42510
A110: =A37 -> 04 ALIMENTACIÓN Y HOSPEDAJE | H110: =J37 -> 289720
A111: 05 OFICINAS Y CONSUMIBLE DE OFICINA | H111: =+J43 -> 128600
A112: =A56 -> 06 EQUIPAMIENTO, INFORMÁTICA Y COMUNICACIONES | H112: =J56 -> 124040
...

Sheet PBVRP-Cañete
A1: RÍOS Cañete
A2: DESCRIPCIÓN | C2: Cantidad | D2: Tiempo | E2: Participación | F2: Costo Unitario | G2: Costo Total
D3: (mes) | E3: (%)
B4: PBVRP | E4: 0.69 | G4: =+G5+G7+G9+G11+G13+G15+G17+G19 -> 1593491.3
A5: 1 | B5: Programa de Manejo de Conflictos | E5: 0.06 | G5: =+C6*D6*F6 -> 137685.6
C6: 6 | D6: 12 | F6: 1912.3
A7: 2 | B7: Programa de Acompañamiento de Liberación de Predios | E7: 0.1 | G7: =+C8*D8*F8 -> 229476.24
C8: 6 | D8: 12 | F8: 3187.17
A9: 3 | B9: Programa de Contratación temporal de personal local | E9: 0.03 | G9: =+C10*D10*F10 -> 68842.8
C10: 6 | D10: 12 | F10: =1912.3/2 -> 956.15
A11: 4 | B11: Programa de Adquisiciones de Productos Locales | E11: 0.03 | G11: =+C12*D12*F12 -> 68842.8
C12: 6 | D12: 12 | F12: =1912.3/2 -> 956.15
A13: 5 | B13: Programa de comunicación y consulta | E13: 0.2 | G13: =+C14*D14*F14 -> 469058.62
C14: 6 | D14: 12 | F14: =12748.65/2+140.378 -> 6514.703
A15: 6 | B15: Programa de Atención a Quejas y Reclamos | E15: 0.07 | G15: =+C16*D16*F16 -> 160633.08
C16: 6 | D16: 12 | F16: =4462.03/2 -> 2231.015
A17: 7 | B17: Lineamiento 1 : Alineamiento Interno | E17: 0.1 | G17: =+C18*D18*F18 -> 229475.88
C18: 6 | D18: 12 | F18: =6374.33/2 -> 3187.165
A19: 8 | B19: Lineamiento 2: Prevención y manejo de impactos sociales | E19: 0.1 | G19: =+C20*D20*F20 -> 229476.24
C20: 6 | D20: 12 | F20: 3187.17
B21: Plan de Relaciones Comunitarias (PRC) | E21: 0.23 | G21: =+G22+G24+G26+G28 -> 531163.44
A22: 9 | B22: Programa de comunicación y consulta | E22: 0.14 | G22: =+C23*D23*F23 -> 324637.2
C23: 6 | D23: 12 | F23: =8924.06/2+46.82 -> 4508.85
A24: 10 | B24: Programa de Atención a Quejas y Reclamos | E24: 0.04 | G24: =+C25*D25*F25 -> 91790.28
C25: 6 | D25: 12 | F25: =2549.73/2 -> 1274.865
A26: 11 | B26: Lineamiento 1 : Alineamiento Interno | E26: 0.03 | G26: =+D27*F27*C27 -> 68840.64
C27: 6 | D27: 12 | F27: 956.12
A28: 12 | B28: Lineamiento 2: Prevención y manejo de impactos sociales | E28: 0.02 | G28: =+C29*D29*F29 -> 45895.32
C29: 6 | D29: 12 | F29: =1274.87/2 -> 637.435
B30: Plan de Participación Ciudadana (PPC) - Instrumento de Gestión Ambiental | E30: 0.08 | G30: =+C32*D32*F32 -> 184432.28
A31: 13 | B31: PPC | G31: =+C32*D32*F32 -> 184432.28
C32: 6 | D32: 12 | F32: =2566.01-5.56+1.1+0.00948889 -> 2561.5595
B33: SUBTOTAL S/. | G33: =+G4+G21+G30-0.34 -> 2309086.6

Sheet PBVRP-Huaura
A1: RÍOS Huaura
A2: DESCRIPCIÓN | C2: Cantidad | D2: Tiempo | E2: Participación | F2: Costo Unitario | G2: Costo Total
D3: (mes) | E3: (%)
B4: PBVRP | E4: 0.69 | G4: =+G5+G7+G9+G11+G13+G15+G17+G19 -> 1593491.8
A5: 1 | B5: Programa de Manejo de Conflictos | E5: 0.06 | G5: =+C6*D6*F6 -> 137685.6
C6: 6 | D6: 12 | F6: 1912.3
A7: 2 | B7: Programa de Acompañamiento de Liberación de Predios | E7: 0.1 | G7: =+C8*D8*F8 -> 229476.24
C8: 6 | D8: 12 | F8: 3187.17
A9: 3 | B9: Programa de Contratación temporal de personal local | E9: 0.03 | G9: =+C10*D10*F10 -> 68842.8
C10: 6 | D10: 12 | F10: 956.15
A11: 4 | B11: Programa de Adquisiciones de Productos Locales | E11: 0.03 | G11: =+C12*D12*F12 -> 68842.8
C12: 6 | D12: 12 | F12: 956.15
A13: 5 | B13: Programa de comunicación y consulta | E13: 0.2 | G13: =+C14*D14*F14 -> 469058.4
C14: 6 | D14: 12 | F14: 6514.7
A15: 6 | B15: Programa de Atención a Quejas y Reclamos | E15: 0.07 | G15: =+C16*D16*F16 -> 160633.44
C16: 6 | D16: 12 | F16: 2231.02
A17: 7 | B17: Lineamiento 1 : Alineamiento Interno | E17: 0.1 | G17: =+C18*D18*F18 -> 229476.24
C18: 6 | D18: 12 | F18: 3187.17
A19: 8 | B19: Lineamiento 2: Prevención y manejo de impactos sociales | E19: 0.1 | G19: =+C20*D20*F20 -> 229476.24
C20: 6 | D20: 12 | F20: 3187.17
B21: Plan de Relaciones Comunitarias (PRC) | E21: 0.23 | G21: =+G22+G24+G26+G28 -> 531163.44
A22: 9 | B22: Programa de comunicación y consulta | E22: 0.14 | G22: =+C23*D23*F23 -> 324637.2
C23: 6 | D23: 12 | F23: =+'PBVRP-Cañete'!F23 -> 4508.85
A24: 10 | B24: Programa de Atención a Quejas y Reclamos | E24: 0.04 | G24: =+C25*D25*F25 -> 91790.28
C25: 6 | D25: 12 | F25: =+'PBVRP-Cañete'!F25 -> 1274.865
A26: 11 | B26: Lineamiento 1 : Alineamiento Interno | E26: 0.03 | G26: =+D27*F27*C27 -> 68840.64
C27: 6 | D27: 12 | F27: =+'PBVRP-Cañete'!F27 -> 956.12
A28: 12 | B28: Lineamiento 2: Prevención y manejo de impactos sociales | E28: 0.02 | G28: =+C29*D29*F29 -> 45895.32
C29: 6 | D29: 12 | F29: =+'PBVRP-Cañete'!F29 -> 637.435
B30: Plan de Participación Ciudadana (PPC) - Instrumento de Gestión Ambiental | E30: 0.08 | G30: =+C32*D32*F32 -> 184432.28
A31: 13 | B31: PPC | G31: =+E31*G41 -> 0
C32: 6 | D32: 12 | F32: =+'PBVRP-Cañete'!F32 -> 2561.5595
B33: SUBTOTAL S/. | G33: =+G4+G21+G30-0.5-0.34 -> 2309086.6

Sheet Planilla-Cañete
C4: 01 PROFESIONALES Y MANO DE OBRA INDIRECTA CAÑETE
C5: DESCRIPCIÓN RECURSO | D5: SUELDO BRUTO (PEN) | E5: SUELDO BRUTO + BENEFICIOS ( MES) (PEN)
C7: 01 PROFESIONALES Y MANO DE OBRA INDIRECTA | E7: 0.4711
C8: Coordinador | D8: 7500 | E8: =+D8*(1+$E$7) -> 11033.25
C9: Relacionista Comunitario 1 | D9: 5500 | E9: =+D9*(1+$E$7) -> 8091.05
C10: Relacionista Comunitario 2 | D10: 5500 | E10: =+D10*(1+$E$7) -> 8091.05
C11: Relacionista Comunitario 3 | D11: 5500 | E11: =+D11*(1+$E$7) -> 8091.05
C12: Relacionista Comunitario 4 | D12: 5500 | E12: =+D12*(1+$E$7) -> 8091.05
C13: Asistente de Relaciones Comunitarias | D13: 3500 | E13: =+D13*(1+$E$7) -> 5148.85
C14: Conductor 1 | D14: 2500 | E14: =+D14*(1+$E$7) -> 3677.75
C15: Conductor 2 | D15: 2500 | E15: =+D15*(1+$E$7) -> 3677.75
C16: Conductor 3 | D16: 2500 | E16: =+D16*(1+$E$7) -> 3677.75

Sheet Planilla-Huaura
E3: 0.4711
C4: 01 PROFESIONALES Y MANO DE OBRA INDIRECTA HUAURA
C5: DESCRIPCIÓN RECURSO | D5: SUELDO BRUTO (PEN) | E5: SUELDO BRUTO + BENEFICIOS ( MES) (PEN)
C7: 01 PROFESIONALES Y MANO DE OBRA INDIRECTA
C8: Coordinador | D8: 7500 | E8: =+D8*(1+$E$3) -> 11033.25
C9: Relacionista Comunitario 1 | D9: 5500 | E9: =+D9*(1+$E$3) -> 8091.05
C10: Relacionista Comunitario 2 | D10: 5500 | E10: =+D10*(1+$E$3) -> 8091.05
C11: Relacionista Comunitario 3 | D11: 5500 | E11: =+D11*(1+$E$3) -> 8091.05
C12: Relacionista Comunitario 4 | D12: 5500 | E12: =+D12*(1+$E$3) -> 8091.05
C13: Asistente de Relaciones Comunitarias | D13: 3500 | E13: =+D13*(1+$E$3) -> 5148.85
C14: Conductor 1 | D14: 2500 | E14: =+D14*(1+$E$3) -> 3677.75
C15: Conductor 2 | D15: 2500 | E15: =+D15*(1+$E$3) -> 3677.75
C16: Conductor 3 | D16: 2500 | E16: =+D16*(1+$E$3) -> 3677.75
